 Dungeon Crawl Stone Soup version 0.29-a0-997-gf6f7e2dfe7 (webtiles) character file.

Game seed: 1244754286622596057

12776 RBrandon the Thaumaturge (level 10, -3/76 HPs)
             Began as a Mummy Ice Elementalist on Aug 4, 2022.
             Was an Elder of Ru.
             Killed by the air
             ... invoked by Gastronok
              (40 damage)
             ... on level 2 of the Lair of Beasts.
             The game lasted 00:29:08 (11505 turns).

RBrandon the Thaumaturge (Mummy Ice Elementalist)  Turns: 11505, Time: 00:29:09

Health: -3/76      AC: 16    Str: 11    XL:     10   Next: 66%
Magic:  34/34      EV: 14    Int: 19    God:    Ru [****..]
Gold:   537        SH:  0    Dex: 13    Spells: 11/31 levels left

rFire   x x .      SeeInvis .   s - +2 whip (venom)
rCold   . . .      Faith    .   (no shield)
rNeg    + + +      Spirit   .   m - +4 steam dragon scales
rPois   ∞          Reflect  .   (no helmet)
rElec   .          Harm     .   w - +0 cloak
rCorr   .          Rampage  .   g - +0 pair of gloves
Will    +....                   r - +0 pair of boots
Stlth   ..........              (no amulet)
HPRegen 0.22/turn               n - ring of magical power
MPRegen 0.24/turn               j - +4 ring of protection

@: no status effects
A: cold resistance 1, negative energy resistance 3, torment resistance 2, heat
vulnerability 1, no stealth, inexperienced 1, in touch with death 1, temperature
sensitive, no potions
a: Renounce Religion, Draw Out Power, Power Leap


You were on level 2 of the Lair of Beasts.
You worshipped Ru.
Ru was greatly pleased with you.
You visited 2 branches of the dungeon, and saw 10 of its levels.
You also visited: Sewer and Bailey.

You collected 537 gold pieces.

Inventory:

Hand Weapons
 c - a +1 mace
 s - a +2 whip of venom (weapon)
   (You took it off an orc on level 3 of the Dungeon)
 v - a +4 quarterstaff of chaos
   (You took it off Crazy Yiuf on level 3 of the Dungeon)
 D - a +5 falchion
Armour
 a - a +0 robe
 e - a +0 ring mail
 g - a +0 pair of gloves (worn)
 m - +4 steam dragon scales (worn)
 p - a +0 leather armour
 r - a +0 pair of boots (worn)
 w - a +0 cloak (worn)
Jewellery
 h - a ring of resist corrosion
 j - a +4 ring of protection (right hand)
 n - a ring of magical power (left hand)
 u - a ring of fire
 A - an amulet of regeneration
Wands
 d - a wand of mindburst (8)
 q - a wand of flame (29)
 y - a wand of digging (7)
 C - a wand of paralysis (11)
Scrolls
 b - 9 scrolls of teleportation
 f - 3 scrolls of enchant weapon
 i - a scroll of magic mapping
 k - 3 scrolls of butterflies
 l - 2 scrolls of fear
 o - 3 scrolls of identify
 t - a scroll of torment
 x - 3 scrolls of blinking
 z - a scroll of noise {unknown}
 B - a scroll of brand weapon {unknown}
 E - a scroll of poison {unknown}
Miscellaneous
 F - a condenser vane


   Skills:
 - Level 6.0 Fighting
 - Level 5.3 Dodging
 - Level 11.1 Spellcasting
 - Level 5.7 Conjurations
 + Level 6.1 Summonings
 - Level 9.0 Ice Magic


You had 11 spell levels left.
You knew the following spells:

 Your Spells              Type           Power      Damage    Failure   Level
a - Freeze                Ice            100%       1d11      1%          1
b - Frozen Ramparts       Ice            90%        1d17      1%          3
c - Ozocubu's Armour      Ice            45%        N/A       1%          3
d - Hailstorm             Conj/Ice       38%        3d9       3%          4
e - Summon Guardian Gole  Hex/Summ       22%        N/A       5%          3
f - Call Canine Familiar  Summ           33%        N/A       1%          3
g - Swiftness             Air            10%        N/A       21%         3

Your spell library contained the following spells:

 Spells                   Type           Power      Damage    Failure   Level
 Shock                    Conj/Air       84%        1d8       1%          1
 Summon Small Mammal      Summ           100%       N/A       1%          1
 Apportation              Tloc           20%        N/A       7%          1
 Necrotise                Necr           60%        1d7       7%          1
 Airstrike                Air            5%         2d(1-17)  54%         4
 Simulacrum               Ice/Necr       20%        N/A       85%         6
 Ice Form                 Ice/Tmut       Unusable   N/A       N/A         4

Dungeon Overview and Level Annotations

Branches:
Dungeon (8/15)             Temple (0/1) D:7            Lair (2/5) D:8
  Sewer (visited)          Bailey (visited)
  Swamp: Lair:2-3    Shoals: Lair:2-3     Snake: Lair:2-3    Spider: Lair:2-3

Altars:
Ashenzari
Fedhas
Hepliaklqana
Kikubaaqudgha
Qazlal
Ru
Sif Muna
Uskayaw
Vehumet

Annotations:
D:6 exclusion: door
Lair:2 Gastronok


Innate Abilities, Weirdness & Mutations

You are immune to poison.
Your flesh is cold resistant. (rC+)
You are immune to negative energy. (rN+++)
You are immune to unholy pain and torment.
You are vulnerable to heat. (rF-)
You cannot be stealthy.
You are somewhat inexperienced. (-1 XL)
You are in touch with the powers of death.
You are sensitive to extremes of temperature. (rF-, rC-)
You do not drink.


Message History

You kill the blink frog!
Your wolf misses Urug.
The wall freezes Urug.
Urug hits you but does no damage.
Your life force feels restored.
You barely miss Urug.
Urug is moderately wounded.
Your wolf bites Urug!
The wall freezes Urug!
Urug hits you with a +4 long sword!
* * * LOW HITPOINT WARNING * * *
Your wolf barely misses Urug.
You hit Urug but do no damage.
Urug looks as sick as possible!
Urug is severely wounded.
The wall freezes Urug.
Urug barely misses you.
Your wolf bites Urug.
The wall freezes Urug!
Urug hits you with a +4 long sword.
* * * LOW HITPOINT WARNING * * *
The wall freezes Gastronok!!
Gastronok begins to cast a spell, but is stunned by your conviction!
Your wolf barely misses Urug.
You closely miss Urug.
Urug is almost dead.
The wall freezes Urug.
You kill Urug!
Your Summonings skill increases to level 6!
Press: ? - help, v - describe, . - travel
Here: Gastronok, wearing a +2 hat (lightly wounded, ally target)
The floor.
Unknown command.
Your icy armour and frozen ramparts will break if you move.
Continue?
Your icy armour cracks and falls away as you move.
The frozen ramparts melt away as you move.
Your wolf bites Gastronok.
Your wolf bites Gastronok but does no damage.
Gastronok misses your wolf.
You feel less exhausted.
Your wolf bites Gastronok!
Your wolf bites Gastronok.
Your wolf bites Gastronok!
Gastronok gurgles.
Gastronok waves his eye-stalks in wide circles.
The air twists around and strikes you!!!
Ouch! That really hurt!
You die...

#...........###.......#.#..
##...........#
##.....###...
#P.....##....# #....## #...
#....P####...####....# #P..
##...## #.........##.##
##.. ##P.# ##...#.......P#
##. #### #....##.#...## ##
#...#####....### ##.@.#
##......##
#...#####.##.....# #
##...#.######....###
#.....# ##...... ##....##
#...... F ##....## #.##...
Fw ##h†#.## #####.. ...
#w†...### #.÷. ....
#####.......## ##.÷÷


You could see Gastronok (ally target) and a friendly wolf (summoned).

Vanquished Creatures
  Urug (Lair:2)
  Pikel (D:4)
  2 black mambas
  A torpor snail (Lair:1)
  Joseph (D:8)
  3 cane toads
  Maggie (D:7)
  A rime drake (Lair:2)
  3 komodo dragons
  5 blink frogs
  4 dream sheep (Lair:1)
  9 yaks (Lair:2)
  2 wyverns (Lair:2)
  Eustachio (D:4)
  2 basilisks
  5 water moccasins
  An acid dragon (D:8)
  An ice beast (D:7)
  Pargi (Sewer)
  5 orc warriors (Bailey)
  A sky beast (D:6)
  2 ogres
  4 lemures (D:4)
  A kobold brigand (D:6)
  2 phantoms
  2 gnoll sergeants
  A necrophage (D:6)
  2 scorpions
  9 bullfrogs
  4 wights (D:8)
  5 killer bees (D:7)
  A howler monkey (D:6)
  4 electric eels (D:6)
  3 hounds (D:5)
  4 jellies
  2 gnoll boudas (D:6)
  5 orc priests
  Crazy Yiuf (D:3)
  Ijyb (D:3)
  Terence (D:3)
  4 iguanas
  8 orc wizards
  24 gnolls
  5 adders
  A shadow imp (D:7)
  3 white imps
  3 ufetubi
  3 dart slugs
  24 orcs
  5 ball pythons
  10 bats
  5 endoplasms
  6 giant cockroaches
  16 goblins
  10 hobgoblins
  6 jackals
  14 kobolds
  5 quokkas
  8 frilled lizards
  12 rats
  A spectral hobgoblin (D:6)
278 creatures vanquished.

Vanquished Creatures (collateral kills)
  2 orc warriors (Bailey)
  2 orcs (Bailey)
  2 hobgoblins (Bailey)
6 creatures vanquished.

Vanquished Creatures (others)
  A blink frog (Lair:1)
  A phantom (D:5)
  7 fungi
  26 plants
35 creatures vanquished.

Grand Total: 319 creatures vanquished

Notes
Turn   | Place    | Note
-------+----------+-------------------------------------------
     0 | D:1      | RBrandon the Mummy Ice Elementalist began the quest for the
                  | Orb.
     0 | D:1      | Reached XP level 1. HP: 13/13 MP: 4/4
   182 | D:1      | Reached skill level 3 in Spellcasting
   472 | D:1      | Reached XP level 2. HP: 19/19 MP: 3/6
   778 | D:1      | Reached skill level 4 in Spellcasting
   984 | D:1      | Gained mutation: You are in touch with the powers of death.
                  | [Mummy growth]
   984 | D:1      | Reached XP level 3. HP: 24/24 MP: 4/8
  1470 | D:2      | Learned a level 3 spell: Frozen Ramparts
  1779 | D:2      | You fall into a shaft and drop 2 floors!
  1783 | D:4      | Noticed a lemure
  1783 | D:4      | Noticed a lemure
  1783 | D:4      | Noticed a lemure
  1783 | D:4      | Noticed a lemure
  1784 | D:4      | Noticed Pikel
  1799 | D:3      | Noticed Ijyb
  1820 | D:3      | Killed Ijyb
  1821 | D:3      | Reached XP level 4. HP: 11/30 MP: 2/10
  2031 | D:4      | Noticed an ogre
  2065 | D:4      | Found a glowing drain.
  2076 | Sewer    | Entered a sewer
  2264 | Sewer    | Noticed Pargi
  2272 | Sewer    | Killed Pargi
  2273 | Sewer    | Reached XP level 5. HP: 30/35 MP: 11/11
  2311 | Sewer    | Reached skill level 5 in Ice Magic
  2348 | Sewer    | Learned a level 3 spell: Ozocubu's Armour
  2602 | D:4      | Noticed Eustachio
  2619 | D:4      | Killed Eustachio
  2620 | D:4      | Reached XP level 6. HP: 39/41 MP: 11/12
  2715 | D:4      | Found a sacrificial altar of Ru.
  2723 | D:4      | Became a worshipper of Ru the Awakened
  2933 | D:4      | Killed Pikel
  2934 | D:4      | Reached XP level 7. HP: 27/46 MP: 13/13
  3656 | D:3      | Found a radiant altar of Vehumet.
  3776 | D:3      | Noticed Terence
  3781 | D:3      | Killed Terence
  3861 | D:3      | Found a runed translucent door.
  3862 | D:3      | Noticed Crazy Yiuf
  4128 | D:3      | Killed Crazy Yiuf
  4129 | D:3      | Reached XP level 8. HP: 22/52 MP: 14/14
  4365 | D:5      | Entered Level 5 of the Dungeon
  4653 | D:5      | Found a blossoming altar of Fedhas.
  4742 | D:5      | Gained mutation: You are sensitive to extremes of
                  | temperature. (rF-, rC-) [Ru sacrifice]
  4742 | D:5      | Reached * piety under Ru
  4742 | D:5      | Reached ** piety under Ru
  4757 | D:5      | Found a stormy altar of Qazlal.
  5193 | D:5      | Found a shimmering blue altar of Sif Muna.
  5209 | D:5      | Found a broken altar of Ashenzari.
  5440 | D:5      | Reached skill level 1 in Fighting
  6015 | D:6      | Reached XP level 9. HP: 64/64 MP: 15/15
  6034 | D:6      | Noticed a komodo dragon
  6054 | D:6      | Killed a komodo dragon
  6092 | D:6      | Noticed a seven-headed hydra
  6378 | D:6      | Reached skill level 5 in Fighting
  6556 | D:6      | Reached skill level 5 in Dodging
  6633 | D:6      | Found a hazy altar of Hepliaklqana.
  6838 | D:6      | Found an ancient bone altar of Kikubaaqudgha.
  7150 | D:7      | Found a flagged portal.
  7188 | Bailey   | Entered a bailey
  7227 | Bailey   | Learned a level 4 spell: Hailstorm
  7328 | Bailey   | Reached skill level 1 in Conjurations
  7443 | Bailey   | Gained mutation: You cannot be stealthy. [Ru sacrifice]
  7443 | Bailey   | Reached *** piety under Ru
  7628 | Bailey   | Reached XP level 10. HP: 76/76 MP: 16/16
  7692 | Bailey   | Noticed an orc knight
  7692 | Bailey   | Noticed an orc warlord
  7694 | Bailey   | Noticed an orc knight
  7909 | D:7      | Found a hide-covered altar of Uskayaw.
  8128 | D:7      | Reached skill level 5 in Conjurations
  8349 | D:7      | Noticed Maggie
  8359 | D:7      | Killed Maggie
  8601 | D:7      | Learned a level 3 spell: Summon Guardian Golem
  8768 | D:7      | Found a staircase to the Ecumenical Temple.
  8871 | D:8      | Reached skill level 5 in Spellcasting
  9020 | D:8      | Found a staircase to the Lair.
  9140 | D:8      | Noticed Joseph
  9156 | D:8      | Killed Joseph
  9214 | D:8      | Reached skill level 6 in Spellcasting
  9701 | D:8      | Reached skill level 7 in Spellcasting
  9783 | Lair:1   | Entered Level 1 of the Lair of Beasts
  9804 | Lair:1   | Noticed a black mamba
  9818 | Lair:1   | Killed a black mamba
  9898 | Lair:1   | Noticed a torpor snail
  9904 | Lair:1   | Reached skill level 8 in Spellcasting
  9909 | Lair:1   | Killed a torpor snail
  9937 | Lair:1   | Reached skill level 9 in Spellcasting
 10111 | Lair:1   | Reached skill level 10 in Spellcasting
 10144 | Lair:1   | Noticed a cane toad
 10158 | Lair:1   | Killed a cane toad
 10159 | Lair:1   | Reached XP level 11. HP: 81/81 MP: 25/25
 10178 | Lair:1   | Gained mutation: You are somewhat inexperienced. (-1 XL)
                  | [Ru sacrifice]
 10178 | Lair:1   | Reached XP level 10. HP: 76/76 MP: 21/33
 10178 | Lair:1   | Reached **** piety under Ru
 10188 | Lair:1   | Reached skill level 11 in Spellcasting
 10529 | Lair:1   | Learned a level 3 spell: Call Canine Familiar
 10533 | Lair:1   | Learned a level 3 spell: Swiftness
 10547 | Lair:2   | Reached skill level 1 in Summonings
 10973 | Lair:2   | Reached skill level 5 in Summonings
 11480 | Lair:2   | Noticed Urug
 11480 | Lair:2   | Noticed Gastronok
 11498 | Lair:2   | Killed Urug
 11505 | Lair:2   | Killed from afar by Gastronok

Illustrated notes

Levels and vault maps discovered:
D:1:      dpeg_arrival_connections, layout_loops_cross
D:2:      layout_basic, minmay_hedge_maze
D:3:      layout_loops_ring, lemuel_round_altar, mainiacjoe_overflow_24_doors,
          serial_glass, glass_columns_a, glass_columns_b, feat_on_display,
          due_unseen_surprise, minmay_strange_pillars, minmay_bisected,
          uniq_ijyb, uniq_crazy_yiuf_cottage, uniq_terence
D:4:      layout_basic, nicolae_overflow_squiral, portal_sewer_entry_d,
          uniq_eustachio, uniq_pikel
D:5:      layout_basic, mainiacjoe_overflow_surrounded_room, fedhas_altar_2,
          nicolae_qazlal_general_emergency, mainiacjoe_overflow_chevrons
D:6:      minmay_chambers_of_sixes, layout_basic, lemuel_doored_altar,
          nicolae_hepliaklqana_monster_ancestors, serial_bayou,
          serial_bayou_lagoon_a, serial_bayou_lagoon_b, serial_bayou_pond_c,
          serial_bayou_shore_a, serial_bayou_pond_c
D:7:      layout_loops_ring, lemuel_crystal_altar, minmay_temple_entry_fiery,
          enter_bailey_2, st_stairs_12, uniq_maggie
D:8:      layout_loops_ring, lair_entry_dummy, uniq_joseph
Lair:1:   layout_cave_shapes, grunt_megastairs_3
Lair:2:   layout_concentric_octagons, lemuel_fruit_fields, uniq_urug,
          uniq_gastronok

Skill      XL: |  1  2  3  4  5  6  7  8  9 10 |
---------------+-------------------------------+-----
Spellcasting   | 3 4 11 | 11.1
Ice Magic      | 4 5 7 8 9 |  9.0
Fighting       | 3 6 |  6.0
Dodging        | 3 5 |  5.3
Conjurations   | 3 5 |  5.7
Stealth        | 0 |  0.0
Summonings     | 6 |  6.1

Action                   |  1- 3 |  4- 6 |  7- 9 | 10-12 || total
-------------------------+-------+-------+-------+-------++-------
Melee: Unarmed           |     1 |       |       |       ||     1
       Mace              |     3 |    12 |     1 |       ||    16
       Whip              |       |       |    58 |     5 ||    63
       Quarterstaff      |       |       |    67 |   141 ||   208
 Cast: Freeze            |    69 |    25 |    23 |     3 ||   120
       Frozen Ramparts   |       |     8 |    42 |    37 ||    87
       Ozocubu's Armour  |       |     2 |    13 |    22 ||    37
       Hailstorm         |       |       |     5 |     3 ||     8
       Summon Guardian G |       |       |       |     2 ||     2
       Call Canine Famil |       |       |       |     1 ||     1
Invok: Sacrifice Resista |       |       |     1 |       ||     1
       Sacrifice Stealth |       |       |     1 |       ||     1
       Draw Out Power    |       |       |       |     1 ||     1
       Power Leap        |       |       |       |     1 ||     1
       Sacrifice Experie |       |       |       |     1 ||     1
Evoke: Wand              |       |       |     6 |    11 ||    17
  Use: Scroll            |     3 |     1 |     1 |    13 ||    18
 Stab: Sleeping          |       |       |     2 |       ||     2
       Distracted        |       |       |       |     1 ||     1
       Invisible         |       |       |       |     1 ||     1
Armor: Robe              |    12 |    17 |    57 |    17 ||   103
       Leather armour    |       |     5 |    17 |       ||    22
       Steam dragon scal |       |       |       |    54 ||    54
Dodge: Dodged            |    37 |    29 |   106 |   127 ||   299

Table legend: (Time is in decaauts)
 A = Elapsed time spent in this place.
 B = Non-inter-level travel time spent in this place.
 C = Inter-level travel time spent in this place.
 D = Time resting spent in this place.
 E = Time spent auto-exploring this place.
 F = Levels seen in this place.
 G = Mean time per level.
                   A        B        C        D        E       F      G
               +--------+--------+--------+--------+--------+-----+--------+
         Total |  11655 |  11460 |    195 |   1446 |   7627 |  12 |  971.2 |
       Dungeon |   9057 |   8867 |    190 |   1134 |   5962 |   8 | 1132.1 |
          Lair |   1742 |   1737 |      5 |     17 |   1373 |   2 |  871.0 |
         Sewer |    315 |    315 |      0 |     65 |    166 |   1 |  315.0 |
        Bailey |    540 |    540 |      0 |    230 |    125 |   1 |  540.0 |
               +--------+--------+--------+--------+--------+-----+--------+

Top non-repeatable levels by time:
     D:6: 1492 daAuts
     D:1: 1454 daAuts
     D:5: 1324 daAuts
     D:4: 1256 daAuts
     D:7: 1230 daAuts
     D:3: 1041 daAuts
  Lair:2: 980 daAuts
     D:8: 932 daAuts
  Lair:1: 762 daAuts
  Bailey: 540 daAuts
     D:2: 325 daAuts
   Sewer: 315 daAuts

Table legend:
 A = Kills in this place as a percentage of kills in entire the game.
 B = Kills by you in this place as a percentage of kills by you in the entire game.
 C = Kills by friends in this place as a percentage of kills by friends in the entire game.
 D = Other kills in this place as a percentage of other kills in the entire game.
 E = Experience gained in this place as a percentage of experience gained in the entire game.
 F = Experience gained in this place divided by the number of levels of this place that you have seen.
                   A       B       C       D       E      F
               +-------+-------+-------+-------+-------+----------------------
         Total | 100.0 | 100.0 | 100.0 | 100.0 | 100.0 | 1521.0
       Dungeon |  68.8 |  70.4 |   0.0 |  50.0 |  39.1 | 891.6
          Lair |  12.8 |  12.8 |   0.0 |  50.0 |  54.0 | 4929.0
         Sewer |   3.2 |   3.3 |   0.0 |   0.0 |   0.9 | 156.0
        Bailey |  15.2 |  13.5 | 100.0 |   0.0 |   6.1 | 1105.0
               +-------+-------+-------+-------+-------+----------------------
